Description

Heromarine guide for the 5.0.16 patch. Check video for more details.

VOD

https://www.youtube.com/watch?v=sqfEmGLdfPg

Replay - TvT 2 Reaper FE

Build Order

Get SALT Encoding   

  8  0:00  SCV  
  9  0:12  SCV  
  10  0:24  SCV  
  10  0:27  Supply Depot  
  11  0:36  SCV  
  12  0:48  SCV  
  13  0:54  Barracks  
  13  1:00  Refinery  
  13  1:04  SCV  
  14  1:17  SCV  
  15  1:29  SCV  
  16  1:41  Orbital Command  
  16  1:43  Reaper  
  17  2:07  SCV  
  18  2:14  Command Center  
  18  2:16  Reaper  
  18  2:21  SCV  
  20  2:27  Supply Depot  
  20  2:41  Factory  
  19  2:48  Marine  
  21  2:55  Refinery  
  22  3:06  Marine  
  24  3:24  Marine, Hellion  
  27  3:38  Starport  
  27  3:41  Orbital Command  
  26  3:42  Marine  
  25  3:51  Hellion  
  28  4:00  Barracks Tech Lab  
  30  4:23  Cyclone  
  34  4:25  Starport Tech Lab  
  34  4:26  Barracks Reactor  
  35  4:33  Supply Depot  
  35  4:38  Refinery  
  40  4:45  Raven  
  41  4:56  Supply Depot, Siege Tank  
  45  5:01  Interference Matrix  
  45  5:02  Marine x2  
  49  5:17  Supply Depot  
  49  5:19  Raven  
  49  5:20  Marine x2  
  55  5:34  Siege Tank  
  56  5:38  Marine x2  
  60  5:56  Command Center  
  62  6:04  Viking x2  
  62  6:06  Siege Tank  
  71  6:12  Refinery  
  73  6:20  Stimpack  
  76  6:38  Siege Tank  
  80  6:42  Viking  
  83  6:49  Viking  
  87  6:54  Barracks x2  
  87  7:00  Engineering Bay x2  
  89  7:09  Orbital Command  
  90  7:19  Siege Tank  
  93  7:23  Viking x2  
  102  7:40  Barracks x2  
Spawning Tool Build Advisor. Get it on Overwolf

Go to:

Details

  • Created by: amentini
  • Published on: Jun 28, 2026
  • Modified on: Jun 28, 2026
  • Patch: 5.0.16
  • Difficulty: Medium
Show
View Real Time Build Order
Export as new Build Order

Comments (0)

There are no comments. Be the first!

Create an account to comment!